Map: Alcyone LE

Players

demzi - Winner!

  • Race: Zerg Zerg
  • Spawn Location: 7:00

Swien

  • Race: Protoss Protoss
  • League: Diamond
  • Spawn Location: 1:00

VOD

Have the link to the VOD?

Description

Time

  • Played on: March 24, 2024, 7:21 a.m.
  • Length: 9:00
Show
View Real Time Build Order
Export as new Build Order

demzi Zerg - Winner!

Build Orders: Hatch First 

Get SALT Encoding   

  12  0:00  Drone  
  13  0:14  Overlord  
  13  0:20  Drone  
  14  0:33  Drone x2  
  16  0:49  Hatchery  
  15  0:52  Drone  
  15  0:56  Drone  
  17  1:00  Drone  
  18  1:08  Extractor  
  17  1:18  Spawning Pool  
  16  1:20  Drone  
  16  1:22  Drone  
  18  1:35  Drone  
  19  1:40  Drone  
  20  1:51  Overlord  
  20  2:06  Queen x2  
  20  2:07  Zergling x4  
  26  2:12  Drone  
  26  2:13  Drone  
  28  2:27  Drone x2  
  28  2:29  Metabolic Boost  
  30  2:33  Drone  
  31  2:44  Queen  
  31  2:48  Overlord x2  
  33  2:53  Spore Crawler  
  33  3:06  Drone x4  
  33  3:09  Drone  
  36  3:17  Drone  
  36  3:18  Drone x5  
  42  3:34  Drone  
  42  3:37  Hatchery  
  42  3:39  Lair  
  42  3:46  Roach Warren  
  41  3:52  Evolution Chamber  
  41  3:53  Drone  
  41  3:55  Evolution Chamber  
  40  3:56  Overlord  
  40  3:59  Extractor  
  40  4:00  Drone, Extractor  
  40  4:02  Drone  
  40  4:04  Drone  
  40  4:06  Drone  
  40  4:07  Drone  
  43  4:20  Overlord x2  
  43  4:22  Drone x3  
  43  4:23  Drone  
  47  4:25  Drone  
  47  4:26  Drone  
  47  4:30  Zerg Missile Weapons Level 1  
  49  4:35  Zerg Ground Armor Level 1  
  49  4:44  Drone x5  
  49  4:45  Drone  
  55  5:04  Glial Reconstitution  
  55  5:06  Roach x5  
  65  5:17  Overlord  
  65  5:18  Overlord x3  
  65  5:26  Drone x8  
  73  5:30  Extractor  
  73  5:31  Extractor  
  73  5:34  Roach  
  73  5:36  Roach x2  
  73  5:39  Roach x2  
  82  5:42  Drone  
  82  5:43  Drone x2  
  82  5:45  Drone  
  85  5:55  Roach x2  
  85  5:56  Roach x4  
  99  5:57  Roach  
  99  6:03  Drone x2  
  101  6:15  Queen  
  101  6:17  Overlord x3  
  103  6:23  Hatchery  
  102  6:27  Zerg Missile Weapons Level 2  
  102  6:29  Zerg Ground Armor Level 2  
  102  6:35  Overlord x2  
  102  6:43  Hydralisk Den  
  101  6:58  Roach  
  101  6:59  Roach x7  
  111  7:12  Roach  
  111  7:13  Roach x5  
  111  7:22  Zergling x2  
  112  7:23  Zergling x20  
  114  7:39  Zergling x6  
  111  7:57  Roach  
  111  7:58  Roach x11  
  131  8:08  Roach  
  131  8:26  Roach  
  131  8:27  Roach x9  
  139  8:38  Roach  
  139  8:39  Roach x2  
  137  8:41  Overlord  
Show
View Real Time Build Order
Export as new Build Order

Swien Protoss 

Build Orders:  

Get SALT Encoding   

  12  0:00  Probe  
  13  0:12  Probe  
  14  0:18  Pylon  
  14  0:26  Probe  
  15  0:38  Gateway  
  15  0:43  Probe (Chrono Boost)  
  16  0:53  Probe (Chrono Boost), Assimilator  
  17  0:58  Probe (Chrono Boost)  
  18  1:07  Assimilator  
  18  1:10  Probe  
  19  1:22  Probe  
  20  1:35  Cybernetics Core  
  20  1:37  Probe  
  21  1:49  Nexus  
  21  1:51  Probe  
  22  2:06  Pylon  
  23  2:08  Probe, Warp Gate (Chrono Boost)  
  23  2:24  Probe  
  23  2:28  Forge  
  23  2:29  Sentry (Chrono Boost)  
  26  2:36  Probe  
  27  2:46  Gateway  
  27  3:01  Probe (Chrono Boost)  
  29  3:07  Probe (Chrono Boost)  
  29  3:10  Protoss Ground Weapons Level 1 (Chrono Boost)  
  27  3:13  Probe (Chrono Boost)  
  27  3:15  Probe (Chrono Boost)  
  29  3:26  Gateway  
  29  3:30  Gateway  
  29  3:32  Shield Battery  
  29  3:35  Gateway  
  29  3:36  Probe  
  29  3:38  Probe  
  31  3:48  Probe  
  31  3:51  Probe  
  33  4:00  Sentry x2, Probe  
  38  4:03  Probe  
  39  4:12  Assimilator, Probe  
  39  4:15  Probe  
  41  4:18  Pylon  
  41  4:25  Probe  
  41  4:27  Sentry x2  
  46  4:32  Pylon  
  46  4:36  Probe  
  46  4:37  Probe  
  48  4:39  Stalker x2  
  48  4:40  Stalker  
  54  4:47  Pylon  
  54  4:50  Probe  
  54  4:51  Stalker  
  57  5:00  Probe, Twilight Council  
  57  5:02  Probe  
  57  5:05  Pylon  
  59  5:09  Protoss Ground Armor Level 1 (Chrono Boost)  
  59  5:12  Probe  
  60  5:21  Probe  
  61  5:24  Assimilator, Probe  
  61  5:27  Pylon  
  62  5:31  Gateway  
  62  5:33  Probe  
  62  5:34  Gateway  
  63  5:42  Probe  
  64  5:45  Probe  
  65  5:53  Stalker  
  65  5:54  Stalker x2  
  71  6:03  Pylon  
  71  6:07  Blink (Chrono Boost)  
  71  6:10  Dark Shrine  
  71  6:13  Probe  
  71  6:14  Probe  
  73  6:22  Stalker x3  
  73  6:25  Stalker  
  81  6:26  Stalker  
  83  6:46  Pylon  
  79  7:13  Stalker x4  
  79  7:14  Stalker x2  
  84  7:50  Zealot x3  
  84  7:51  Zealot x3  
  64  8:09  Stalker  
  64  8:11  Stalker x2  
  64  8:12  Stalker  
  70  8:16  Zealot x2  
  70  8:17  Zealot  
  55  8:35  Probe x2  
  46  8:43  Stalker x5  
  46  8:44  Stalker x2  
  46  8:47  Probe  
Tags
 
League
Diamond
Matchup
PvZ
Replay Pack
Multiplayer
Spawn Locations
Cross Positions
Add a new tag
Caveats
  • Supply blocks, unpowered buildings, or Contaminate may cause inaccurate times.
  • Supply counts are checked every 10 seconds.